 Dungeon Crawl Stone Soup version 0.24-a0-581-gc0fa660 (webtiles) character file.

Game seed: 2019371097802114577

65177 Firecrotchwizard the Fighter (level 15, -17/86 HPs)
             Began as a Vine Stalker Berserker on Aug 25, 2019.
             Was a High Priest of Trog.
             Hit by a large rock thrown by a stone giant (35 damage)
             ... on level 2 of the Orcish Mines.
             The game lasted 01:09:17 (20515 turns).

Firecrotchwizard the Fighter (VSBe)                Turns: 20515, Time: 01:09:17

Health: -17/86     AC: 23    Str: 25    XL:     15   Next: 15%
Magic:  0/24       EV:  8    Int:  7    God:    Trog [*****.]
Gold:   619        SH:  6    Dex: 21    Spells: 14/14 levels left

rFire    x . .     SeeInvis .   e - +6 rapier (venom)
rCold    + . .     Gourm    .   r - +0 buckler
rNeg     . . .     Faith    .   v - +0 plate armour
rPois    .         Spirit   +   j - +0 helmet
rElec    .         Reflect  .   l - +0 cloak
rCorr    .         Harm     .   B - +2 pair of gloves
MR       +....                  Z - +0 pair of boots
Stlth    ..........             (no amulet)
HPRegen  1.04/turn              b - +6 ring of dexterity
MPRegen  0.19/turn              y - ring of ice {rC+, rF-}

@: no status effects
A: fangs 3, regeneration 2, magic shield, antimagic bite, no potion heal 3, rot
immunity
a: Berserk, Trog's Hand, Brothers in Arms, Renounce Religion


You were on level 2 of the Orcish Mines.
You worshipped Trog.
Trog was extremely pleased with you.
You were not hungry.

You visited 3 branches of the dungeon, and saw 19 of its levels.
You also visited: Ice Cave.

You collected 1379 gold pieces.
You spent 760 gold pieces at shops.

Inventory:

Hand Weapons
 e - a +6 rapier of venom (weapon)
   (Trog gifted it to you on level 11 of the Dungeon)
 A - the +0 rapier "Xaopua" {drain, SInv}
   (You found it on level 11 of the Dungeon)

   A truly terrible weapon, it drains the life of those it strikes.
   It lets you see invisible.
Missiles
 p - 8 curare-tipped darts
 H - 6 throwing nets {=f, !d}
Armour
 j - a +0 helmet (worn)
   (You found it on level 1 of the Dungeon)
 l - a +0 cloak (worn)
   (You found it on level 1 of the Dungeon)
 r - a +0 buckler (worn)
   (You found it on level 3 of the Dungeon)
 v - a +0 plate armour (worn)
   (You took it off an orc warrior on level 11 of the Dungeon)
 B - a +2 pair of gloves (worn)
   (You found it on level 4 of the Dungeon)
 O - the +2 ice dragon scales of Pride {rF- rC++ Str+4}
   (You found it in an ice cave)

   It affects your strength (+4).
   It makes you vulnerable to fire.
   It greatly protects you from cold.
 Z - a +0 pair of boots (worn)
   (You found it on level 6 of the Lair of Beasts)
Jewellery
 b - a +6 ring of dexterity (left hand)
   (You bought it in a shop on level 6 of the Dungeon)
 f - the ring of Ditan {Fire MR+ Dex+4}
   (You found it in an ice cave)

   [ring of fire]

   It enhances your fire magic.
   It affects your dexterity (+4).
   It protects you from fire.
   It makes you vulnerable to cold.
   It affects your resistance to hostile enchantments.
 x - an uncursed ring of protection from magic {MR+, !d}
   (You found it on level 4 of the Dungeon)
 y - a ring of ice (right hand) {rC+, rF-}
   (You found it on level 2 of the Lair of Beasts)
 J - an uncursed ring of resist corrosion
   (You took it off Joseph on level 7 of the Dungeon)
Wands
 o - a wand of flame (22)
   (You took it off Ijyb on level 3 of the Dungeon)
 F - a wand of digging (2)
   (You found it on level 5 of the Dungeon)
 I - a wand of enslavement (4)
   (You took it off Joseph on level 7 of the Dungeon)
 X - a wand of random effects (37)
   (You found it on level 5 of the Lair of Beasts)
Scrolls
 i - 4 scrolls of enchant weapon
 m - 4 scrolls of teleportation
 n - 3 scrolls of remove curse
 C - 4 scrolls of identify
 D - a scroll of blinking {unknown}
 K - a scroll of silence
 P - 5 scrolls of fog
Potions
 d - 9 potions of curing
 g - 4 potions of berserk rage {!q}
 h - 2 potions of flight
 q - 3 potions of mutation {!q}
 s - 2 potions of haste
 w - a potion of invisibility
 z - 3 potions of ambrosia
 E - 3 potions of brilliance {unknown}
 G - 3 potions of agility
 L - 2 potions of cancellation
 M - a potion of might
 T - a potion of resistance
Miscellaneous
 k - a sack of spiders
 t - a fan of gales
   (You found it on level 11 of the Dungeon)
 Q - a crystal ball of energy
   (You found it on level 9 of the Dungeon)
 U - a lamp of fire
   (You found it on level 6 of the Lair of Beasts)
Comestibles
 a - 34 chunks of flesh {@w0}
 c - 29 rations


   Skills:
 + Level 13.2 Fighting
 * Level 11.7 Short Blades
 + Level 11.6 Armour
 - Level 1.5 Dodging
 - Level 4.0 Shields
 - Level 10.8 Evocations


You had 14 spell levels left.
You didn't know any spells.
Your spell library was empty.

Dungeon Overview and Level Annotations

Branches:
Dungeon (11/15)            Temple (0/1) D:6            Lair (6/6) D:8
  Swamp (0/4) Lair:4        Snake (0/4) Lair:2        Slime (0/5) Lair:6
    Orc (2/2) D:11            Elf (0/3) Orc:2         IceCv (visited)

Altars:
Ashenzari
Cheibriados
Fedhas
Gozag
Makhleb
Sif Muna
Trog
Vehumet
Wu Jian
Xom
Yredelemnul
Zin
The Shining One

Shops:
D:6 !=   D:7 %   Orc:2 (

Annotations:
D:6 exclusion: door
Lair:1 exclusion: Sonja
Lair:3 Snorg
Lair:4 exclusion: 2 oklob plants
Lair:5 exclusions: downstairs and oklob plant
Orc:1 mdk's ghost, journeyman CeHu


Innate Abilities, Weirdness & Mutations

You have razor-sharp teeth.
You heal very quickly.
When hurt, damage is shared between your health and your magic reserves.
Your bite disrupts and absorbs the magic of your enemies.
Potions cannot restore your health.
You are immune to rotting.


Message History

You hit the orc sorcerer.
The orc sorcerer is poisoned.
Your bite misses the orc sorcerer.
You feel sick.
The orc sorcerer hits you but does no damage.
You take 1 damage, and have 58/86 hp.
You closely miss the orc sorcerer. You bite the orc sorcerer!
The orc sorcerer's magic leaks into the air.
You drain its magic.
You feel invigorated.
The orc sorcerer falters for a moment.
MP restored: 24 You hit the orc sorcerer.
The orc sorcerer looks as sick as possible!
Your bite misses the orc sorcerer. The warg closely misses you.
You hit the orc sorcerer.
You bite the orc sorcerer, but do no damage.
The orc sorcerer hits you but does no damage.
The orc knight roars a battlecry!
The orc sorcerer goes into a battle-frenzy!
The warg bites you!
You hear a shout!
You take 6 damage, and have 54/86 hp.
You now have 22/24 mp.
You hit the orc sorcerer.
The orc sorcerer looks as sick as possible!
Your bite misses the orc sorcerer.
You kill the orc sorcerer!
Trog accepts your kill.
Trog appreciates your killing of a magic user.
The warg bites you but does no damage.
You hit the warg. You bite the warg! You drain its power.
You feel invigorated.
MP restored: 24 You hit the warg but do no damage.
The warg is poisoned.
You bite the warg! You drain its power.
You feel sick.
You are no longer poisoned.
The warg misses you.
The orc knight hits you from afar with a +0 glaive!
You take 13 damage, and have 43/86 hp.
You now have 19/24 mp.
You puncture the warg!
You kill the warg!
Trog accepts your kill. The orc knight barely misses you.
You hit the orc knight but do no damage.
You bite the orc knight. You drain its power.
You feel invigorated.
MP restored: 24 You hit the orc knight.
The orc knight is poisoned.
Your bite misses the orc knight.
You hit the orc knight but do no damage.
The orc knight looks as sick as possible!
Your bite misses the orc knight.
The orc knight hits you with a +0 glaive.
The orc warrior hits you with a +0 scimitar.
You take 2 damage, and have 46/86 hp.
You now have 22/24 mp.
You puncture the orc knight!
You bite the orc knight, but do no damage.
The stone giant hits you but does no damage.
The orc knight closely misses you.
You hit the stone giant but do no damage.
You bite the stone giant, but do no damage.
You block the stone giant's attack. You block the orc warrior's attack.
The orc knight barely misses you.
You hit the stone giant but do no damage.
The stone giant looks even sicker.
You bite the stone giant, but do no damage.
The stone giant completely misses you.
You hit the stone giant.
The stone giant looks as sick as possible!
You bite the stone giant, but do no damage.
You are no longer corroded.
The orc warrior hits you with a +0 scimitar.
The orc knight misses you.
You hit the stone giant.
The stone giant looks as sick as possible!
You bite the stone giant, but do no damage.
The stone giant hits you!!
You take 17 damage, and have 32/86 hp.
You now have 14/24 mp.
You hit the stone giant.
The stone giant looks as sick as possible!
You bite the stone giant. You drain its power.
You feel invigorated.
The orc warrior hits you with a +0 scimitar!
The orc knight hits you but does no damage.
You take 3 damage, and have 29/86 hp.
You regained 7 mp, and now have 21/24 mp.
You hit the stone giant but do no damage.
The stone giant looks as sick as possible!
Your bite misses the stone giant. The stone giant barely misses you.
You hit the stone giant but do no damage.
You bite the stone giant. You drain its power.
You feel invigorated.
The orc warrior hits you with a +0 scimitar!
* * * LOW HITPOINT WARNING * * *
The stone giant hits you!
* * * LOW HITPOINT WARNING * * *
You take 18 damage, and have 12/86 hp.
MASSIVE DAMAGE!!
You now have 9/24 mp.
Okay, then.
The orc warrior no longer looks unusually strong.
The orc knight roars a battlecry!
The orc warriors go into a battle-frenzy!
The orc warrior hits you but does no damage.
You block the orc warrior's attack.
The stone giant throws a large rock.
The large rock hits you!!!
You die...

.... ...
..o###...
###.......
∩#.....#
###)....##
##........#
#..).....##
##....##.$.#####
#..).##.#...#@.##
#.†)##...o#o....#
#)#.).....o....##
#.........oC...##
##............##
#..........####
##.#.......#
####..#..##
###^..#


You could see a stone giant, an orc knight and 2 orc warriors.

Vanquished Creatures
  Kirke (Lair:4)
  A stone giant (Orc:1)
  3 dire elephants (Lair:6)
  5 hydras
  Harold (D:7)
  An anaconda (Lair:6)
  4 two-headed ogres
  Nergalle (Lair:4)
  4 skeletal warriors (D:11)
  2 unseen horrors
  An orc knight (Orc:1)
  2 orc sorcerers (Orc:2)
  4 ugly things
  A deep elf mage (D:11)
  9 elephants (Lair:6)
  4 cyclopes
  A manticore (D:11)
  Joseph (D:7)
  5 black mambas
  3 ice statues (IceCv)
  13 spiny frogs
  A torpor snail (Lair:6)
  A gargoyle (D:11)
  5 komodo dragons
  3 rime drakes
  A kobold demonologist (D:11)
  A yaktaur (D:11)
  2 ice devils (D:11)
  5 trolls
  20 blink frogs
  A polar bear (Lair:6)
  9 hippogriffs
  A slime creature (D:11)
  3 wyverns
  40 yaks
  Eustachio (D:6)
  A wraith (D:11)
  2 hogs (Lair:4)
  A steam dragon (D:8)
  3 hungry ghosts
  Grum (D:9)
  5 basilisks
  Menkaure (D:4)
  6 wargs
  A swamp worm (Lair:4)
  10 water moccasins
  9 porcupines
  9 ice beasts
  8 sky beasts
  10 orc warriors
  8 ogres
  A necrophage (D:7)
  An eye of draining (D:8)
  5 wolves
  5 centaurs
  13 crocodiles
  4 big kobolds
  15 bullfrogs
  Blork the orc (D:6)
  A gnoll sergeant (D:11)
  A wyvern zombie (D:8)
  A wyvern skeleton (D:11)
  4 scorpions
  8 killer bees
  4 howler monkeys
  11 wights
  4 crimson imps
  A bullfrog zombie (D:5)
  2 centaur zombies
  2 bullfrog skeletons
  3 jellies
  A centaur skeleton (D:9)
  6 hounds
  16 orc priests
  Ijyb (D:3)
  An iguana (D:11)
  15 orc wizards
  10 worker ants
  A hound skeleton (D:4)
  A worker ant zombie (D:11)
  8 gnolls
  11 adders
  4 shadow imps
  An adder zombie (D:6)
  An adder skeleton (D:6)
  5 dart slugs
  6 leopard geckos
  61 orcs
  A ball python (D:3)
  5 bats
  6 giant cockroaches
  6 goblins
  8 hobgoblins
  20 jackals
  2 quokkas
  3 frilled lizards
  A jackal zombie (D:5)
  25 kobolds
  A quokka skeleton (D:7)
  5 rats
  2 plants (Lair:6)
557 creatures vanquished.

Vanquished Creatures (collateral kills)
  An orc warlord (Orc:1)
  3 dire elephants (Lair:6)
  A hydra (Lair:4)
  Sonja (Lair:1)
  A blink frog (Lair:4)
  An orc warrior (Orc:1)
8 creatures vanquished.

Vanquished Creatures (others)
  A human (Lair:4)
  3 bushes (D:8)
  17 fungi
  24 plants
45 creatures vanquished.

Grand Total: 610 creatures vanquished

Notes
Turn   | Place    | Note
-------+----------+-------------------------------------------
     0 | D:1      | Firecrotchwizard the Vine Stalker Berserker began the quest
                  | for the Orb.
     0 | D:1      | Reached XP level 1. HP: 11/11 MP: 2/2
    48 | D:1      | Reached XP level 2. HP: 7/16 MP: 1/3
    49 | D:1      | Reached skill level 3 in Short Blades
   518 | D:1      | Reached skill level 3 in Fighting
   522 | D:1      | Reached XP level 3. HP: 16/20 MP: 4/4
   534 | D:1      | Reached skill level 2 in Armour
   864 | D:1      | Reached ** piety under Trog
  1337 | D:2      | Found an opulent altar of Gozag.
  1684 | D:2      | Gained mutation: Your natural rate of healing is unusually
                  | fast. [Vine Stalker growth]
  1684 | D:2      | Reached XP level 4. HP: 24/24 MP: 5/5
  1722 | D:2      | Reached skill level 4 in Short Blades
  1749 | D:2      | Reached XP level 5. HP: 27/28 MP: 6/6
  2331 | D:3      | Found a snail-covered altar of Cheibriados.
  2549 | D:3      | Noticed Ijyb
  2577 | D:3      | Killed Ijyb
  2667 | D:3      | Reached XP level 6. HP: 32/33 MP: 5/7
  2823 | D:4      | Found a shimmering altar of Xom.
  2825 | D:4      | Noticed Menkaure
  2835 | D:4      | Killed Menkaure
  2835 | D:4      | Reached skill level 4 in Fighting
  2835 | D:4      | Reached skill level 5 in Short Blades
  2835 | D:4      | Reached skill level 1 in Shields
  2846 | D:4      | Reached XP level 7. HP: 35/37 MP: 6/8
  2953 | D:4      | HP: 8/37 [orc/+0 flail (3)]
  2956 | D:4      | Reached *** piety under Trog
  3124 | D:4      | Found a burning altar of Makhleb.
  3357 | D:4      | Reached skill level 2 in Shields
  3646 | D:5      | Entered Level 5 of the Dungeon
  3765 | D:5      | Reached skill level 6 in Short Blades
  4265 | D:5      | Found a glowing silver altar of Zin.
  4301 | D:5      | Gained mutation: You have razor-sharp teeth. [Vine Stalker
                  | growth]
  4301 | D:5      | Reached XP level 8. HP: 32/42 MP: 9/9
  4602 | D:5      | Found a glowing golden altar of the Shining One.
  4665 | D:5      | Found a basalt altar of Yredelemnul.
  4690 | D:5      | Reached skill level 5 in Fighting
  4690 | D:5      | Reached skill level 3 in Shields
  4900 | D:6      | Noticed Blork the orc
  4914 | D:6      | Killed Blork the orc
  4926 | D:6      | Found a radiant altar of Vehumet.
  4956 | D:6      | HP: 12/64 [orc warrior/cursed -2 dire flail (16)]
  4959 | D:6      | HP: 4/64 [orc warrior/cursed -2 dire flail (9)]
  4960 | D:6      | Reached skill level 7 in Short Blades
  5190 | D:6      | Found a shimmering altar of Xom.
  5287 | D:6      | Reached skill level 4 in Shields
  5327 | D:6      | Found a shimmering blue altar of Sif Muna.
  5412 | D:6      | Found a shattered altar of Ashenzari.
  5418 | D:6      | Found a glowing golden altar of the Shining One.
  5455 | D:6      | Reached XP level 9. HP: 48/48 MP: 10/10
  5520 | D:6      | Found Zurob's Jewellery Boutique.
  5554 | D:6      | Found a staircase to the Ecumenical Temple.
  5559 | D:6      | Reached skill level 3 in Armour
  5645 | D:6      | Found Emibucs's Distillery.
  5659 | D:6      | Noticed a moth of wrath
  5661 | D:6      | Found a bloodstained altar of Trog.
  5680 | D:6      | Noticed Eustachio
  5707 | D:6      | Killed Eustachio
  5707 | D:6      | Reached skill level 8 in Short Blades
  5813 | D:7      | Found Sarannae's Food Boutique.
  5833 | D:7      | Reached skill level 6 in Fighting
  5960 | D:7      | Reached **** piety under Trog
  6034 | D:7      | Noticed Harold
  6062 | D:7      | Killed Harold
  6062 | D:7      | Reached skill level 9 in Short Blades
  6062 | D:7      | Reached skill level 4 in Armour
  6062 | D:7      | Reached XP level 10. HP: 29/53 MP: 11/11
  6162 | D:7      | Noticed Joseph
  6198 | D:7      | Killed Joseph
  6198 | D:7      | Reached skill level 7 in Fighting
  6210 | D:7      | Found a blossoming altar of Fedhas.
  6286 | D:7      | Found an ornate altar of the Wu Jian Council.
  6428 | D:8      | Noticed a two-headed ogre
  6445 | D:8      | Killed a two-headed ogre
  6445 | D:8      | Reached skill level 10 in Short Blades
  6445 | D:8      | Reached skill level 5 in Armour
  6802 | D:8      | Killed an unseen horror
  7001 | D:8      | HP: 14/56 [yak (9)]
  7005 | D:8      | Reached skill level 8 in Fighting
  7393 | D:8      | Found a staircase to the Lair.
  7414 | D:8      | Reached XP level 11. HP: 38/60 MP: 12/12
  7424 | D:8      | Reached skill level 1 in Evocations
  7487 | D:8      | Reached skill level 6 in Armour
  7718 | D:8      | Reached skill level 2 in Evocations
  8263 | D:9      | Noticed Grum
  8320 | D:9      | Killed Grum
  8423 | D:9      | Reached skill level 3 in Evocations
  8893 | D:10     | Entered Level 10 of the Dungeon
  9079 | D:10     | Reached ***** piety under Trog
  9128 | D:10     | Got an encrusted ring mail
  9144 | D:10     | Identified the cursed +0 ring mail of Lethargy {Dex+2} (You
                  | found it on level 10 of the Dungeon)
  9214 | D:10     | Reached skill level 9 in Fighting
  9390 | D:10     | Reached skill level 4 in Evocations
  9431 | D:10     | Got a jewelled ring mail
  9432 | D:10     | Identified the +4 ring mail "Ukiytet" {rCorr} (You found it
                  | on level 10 of the Dungeon)
  9742 | Lair:1   | Entered Level 1 of the Lair of Beasts
  9783 | Lair:1   | Noticed Sonja
  9802 | Lair:1   | Reached skill level 7 in Armour
 10009 | Lair:1   | Killed Sonja
 10670 | Lair:2   | Reached skill level 5 in Evocations
 10797 | Lair:2   | Found a staircase to the Snake Pit.
 10877 | Lair:2   | Gained mutation: You heal very quickly. [Vine Stalker
                  | growth]
 10877 | Lair:2   | Reached XP level 12. HP: 55/67 MP: 16/16
 11079 | Lair:2   | Received a gift from Trog
 11712 | Lair:3   | Reached skill level 8 in Armour
 11806 | Lair:3   | Reached skill level 10 in Fighting
 12023 | Lair:3   | Reached skill level 6 in Evocations
 12466 | Lair:4   | Noticed Nergalle
 12632 | Lair:4   | Noticed Kirke
 12656 | Lair:4   | Killed Kirke
 12694 | Lair:4   | Noticed a six-headed hydra
 12702 | Lair:4   | Killed a six-headed hydra
 12927 | Lair:4   | Killed Nergalle
 12927 | Lair:4   | Reached skill level 7 in Evocations
 13392 | D:6      | Bought a +6 ring of dexterity for 760 gold pieces
 13542 | Lair:4   | Reached skill level 9 in Armour
 13596 | Lair:4   | Noticed Snorg
 13919 | Lair:4   | Reached XP level 13. HP: 73/73 MP: 19/19
 14022 | Lair:4   | Reached skill level 11 in Fighting
 14243 | Lair:4   | Found a staircase to the Swamp.
 14886 | Lair:5   | Reached skill level 8 in Evocations
 15562 | Lair:6   | Entered Level 6 of the Lair of Beasts
 15649 | Lair:6   | Found a staircase to the Slime Pits.
 15900 | Lair:6   | Reached skill level 10 in Armour
 15951 | Lair:6   | Reached skill level 9 in Evocations
 16455 | Lair:6   | Reached skill level 12 in Fighting
 17184 | Lair:6   | Reached XP level 14. HP: 33/80 MP: 16/22
 17209 | Lair:6   | Noticed a dire elephant
 17225 | Lair:6   | Killed a dire elephant
 17274 | Lair:6   | Noticed a dire elephant
 17274 | Lair:6   | Noticed a dire elephant
 17291 | Lair:6   | Killed a dire elephant
 17292 | Lair:6   | Killed a dire elephant
 17354 | Lair:6   | Noticed a dire elephant
 17358 | Lair:6   | Noticed a dire elephant
 17368 | Lair:6   | Killed a dire elephant
 17376 | Lair:6   | Killed a dire elephant
 17396 | Lair:6   | Noticed a dire elephant
 17411 | Lair:6   | Killed a dire elephant
 17562 | Lair:6   | Reached skill level 10 in Evocations
 18095 | D:11     | Found a frozen archway.
 18147 | IceCv    | Entered an ice cave
 18353 | IceCv    | Reached skill level 11 in Armour
 18465 | IceCv    | Got a bound amber ring
 18471 | IceCv    | Got translucent ice dragon scales
 18483 | IceCv    | Identified the +2 ice dragon scales of Pride {rF- rC++
                  | Str+4} (You found it in an ice cave)
 18485 | IceCv    | Identified the ring of Ditan {Fire MR+ Dex+4} (You found it
                  | in an ice cave)
 18580 | D:11     | Received a gift from Trog
 18733 | D:11     | Reached skill level 11 in Short Blades
 18740 | D:11     | Identified the Reference Book on the Rocks
 18768 | D:11     | Got a fine rapier
 18769 | D:11     | Identified the cursed +0 rapier "Xaopua" {drain, SInv} (You
                  | found it on level 11 of the Dungeon)
 18956 | D:11     | Identified the +7 war axe of the Immovable Moons {speed,
                  | Fragile rElec rPois rC+ Dex+3}
 19209 | D:11     | Found a staircase to the Orcish Mines.
 19383 | D:11     | Reached skill level 13 in Fighting
 19390 | D:11     | HP: 18/82 [skeletal warrior/+0 halberd[a skeletal warrior]
                  | (11)]
 19391 | D:11     | HP: 8/82 [skeletal warrior/+0 trident[a skeletal warrior]
                  | (10)]
 19780 | Orc:1    | Entered Level 1 of the Orcish Mines
 20024 | Orc:1    | Found a runed translucent door.
 20024 | Orc:1    | You fall into a shaft and drop 1 floor!
 20024 | Orc:2    | Entered Level 2 of the Orcish Mines
 20024 | Orc:2    | Noticed an orc warlord
 20098 | Orc:1    | Reached XP level 15. HP: 65/86 MP: 21/24
 20214 | Orc:1    | Found a shimmering altar of Xom.
 20214 | Orc:1    | Noticed mdk's ghost (journeyman CeHu)
 20233 | Orc:2    | Received a gift from Trog
 20317 | Orc:1    | Killed an orc warlord
 20434 | Orc:2    | Found a staircase to the Elven Halls.
 20446 | Orc:2    | Found Gyaruw's Weapon Boutique.
 20509 | Orc:2    | HP: 21/86 [orc warrior/+0 scimitar[an orc knight] (9)]
 20515 | Orc:2    | Hit by a large rock thrown by a stone giant

Levels and vault maps discovered:
D:1:      dpeg_arrival_water_altar, layout_basic
D:2:      layout_basic, grunt_gozag_breadcrumbs
D:3:      layout_basic, kennysheep_slug_shrine, uniq_ijyb
D:4:      layout_loops_corners, nicolae_overflow_crystal_walls,
          lemuel_crystal_altar, uniq_menkaure
D:5:      layout_layer_cave, zin_statuary, kennysheep_little_box, first_ration,
          grunt_decor_mini_mirrors, tso_altar
D:6:      layout_basic, tgw_trog, vehumet_altar_wand_db,
          amethyst_overflow_temple_binary, minmay_temple_entry_large_hall,
          serial_shops, kennysheep_mini, hangedman_feature_mirror,
          minmay_shop_enchanted_jewellery, uniq_eustachio, uniq_blork_the_orc
D:7:      layout_rooms, marbit_many_paths, serial_shops, shop, fedhas_altar_3,
          uniq_harold, uniq_joseph
D:8:      layout_loops_ring, minmay_lair_entry_grove
D:9:      layout_irregular_city, serial_rivers, chequers_serial_rivers_small_3,
          chequers_serial_rivers_marsh, chequers_serial_rivers_room_b,
          chequers_serial_rivers_micro_b, uniq_grum
D:10:     layout_long_grid
D:11:     minmay_the_grid_octo_tiled_octocenter
          [minmay_the_grid_octo_tetromino_candy, minmay_the_grid_octo_focus,
          minmay_the_grid_octo_clover_2, minmay_the_grid_octo_checkerflower,
          minmay_the_grid_octo_prize_star, minmay_the_grid_square_5x5_tri_point,
          minmay_the_grid_square_5x5_z, minmay_the_grid_square_5x5_bracketed,
          minmay_the_grid_square_5x5_six_small], layout_stronghold, david_orc_3,
          portal_ice_cave_demonic_guard
Lair:1:   layout_regular_city, minmay_stone_trees_small,
          grunt_forest_stairs_basic, eino_small_chamber_without_monster,
          uniq_sonja
Lair:2:   layout_cave_pods, dummy_snake_entry, grunt_megastairs_4,
          lemuel_fruit_tree
Lair:3:   layout_chaotic_city
Lair:4:   layout_cave_pods, minmay_swamp_entry_worms, disabler_island,
          uniq_kirke, uniq_snorg, uniq_nergalle
Lair:5:   layout_cave_pods, minmay_lair_oklob_items,
          chequers_serial_rivers_micro_e, chequers_serial_rivers_micro_b
Lair:6:   due_jungle_book, layout_small_grid, dpeg_slime_entry_corner,
          lightli_volcano_entry_magma_tube
Orc:1:    layout_diamond_mine, ebering_ghost_xom
Orc:2:    kennysheep_orc_mage_school, layout_diamond_mine, serial_shops,
          nicolae_shop_window_shopping, uniq_urug

Skill      XL: |  1  2  3  4  5  6  7  8  9 10 11 12 13 14 |
---------------+-------------------------------------------+-----
Short Blades   | 3 4 5 6 7 9 10 11 | 11.7
Fighting       | 3 4 5 6 8 9 10 12 13 | 13.2
Armour         | 2 4 5 7 9 10 11 | 11.6
Shields        | 1 2 4 |  4.0
Evocations     | 5 7 9 10 | 10.8
Dodging        | |  1.5

Action                   |  1- 3 |  4- 6 |  7- 9 | 10-12 | 13-15 || total
-------------------------+-------+-------+-------+-------+-------++-------
Melee: Short sword       |   125 |   129 |    86 |       |       ||   340
       Bite              |    33 |    34 |   128 |   485 |   889 ||  1569
       Dagger            |       |       |   309 |  1110 |   938 ||  2357
       Rapier            |       |       |       |       |   444 ||   444
Invok: Trog's Hand       |       |     2 |     1 |     1 |       ||     4
       Berserk           |       |       |     1 |     1 |     1 ||     3
       Brothers in Arms  |       |       |       |     2 |     3 ||     5
Evoke: Wand              |       |       |       |     5 |    13 ||    18
       Lamp of fire      |       |       |       |       |     1 ||     1
  Use: Scroll            |       |     5 |       |     3 |    23 ||    31
       Potion            |       |     1 |       |       |     1 ||     2
 Stab: Distracted        |       |       |       |     1 |     1 ||     2
  Eat: Chunk             |     2 |     5 |    13 |    30 |    23 ||    73
       Ration            |       |       |     1 |     2 |       ||     3
Armor: Leather armour    |    25 |       |       |       |       ||    25
       Chain mail        |    18 |    62 |   154 |   159 |       ||   393
       Ring mail         |       |       |       |   121 |   171 ||   292
       Plate armour      |       |       |       |       |   291 ||   291
Dodge: Dodged            |    93 |    37 |    94 |   275 |   338 ||   837
Block: Buckler           |       |       |       |   126 |   245 ||   371

Table legend:
 A = Non-vault XP
 B = Vault XP
 C = Vault XP percentage of total XP
 D = Non-vault monster count
 E = Vault monster count
 F = Vault count percentage of total count
                 A         B        C        D         E       F
            +---------+---------+-------+---------+---------+-------
      Total |   68135 |   24975 |  26.8 |     467 |      96 |  17.1
            +---------+---------+-------+---------+---------+-------
        D:1 |      63 |       0 |   0.0 |      31 |       0 |   0.0
        D:2 |     123 |       0 |   0.0 |      19 |       0 |   0.0
        D:3 |     130 |      40 |  23.5 |      17 |       2 |  10.5
        D:4 |     485 |     175 |  26.5 |      19 |       1 |   5.0
        D:5 |     436 |       0 |   0.0 |      21 |       0 |   0.0
        D:6 |     961 |     300 |  23.8 |      16 |       3 |  15.8
        D:7 |    1209 |    1450 |  54.5 |      14 |       3 |  17.6
        D:8 |    3193 |    1759 |  35.5 |      29 |      12 |  29.3
        D:9 |    2037 |     426 |  17.3 |      41 |       3 |   6.8
       D:10 |    2148 |       0 |   0.0 |      26 |       0 |   0.0
       D:11 |    8242 |   10651 |  56.4 |      37 |      49 |  57.0
     Lair:1 |     884 |     394 |  30.8 |       6 |       1 |  14.3
     Lair:2 |    4397 |     137 |   3.0 |      23 |       1 |   4.2
     Lair:3 |    2482 |       0 |   0.0 |      11 |       0 |   0.0
     Lair:4 |    7522 |    3469 |  31.6 |      24 |       5 |  17.2
     Lair:5 |    6892 |       0 |   0.0 |      26 |       0 |   0.0
     Lair:6 |   18608 |    2870 |  13.4 |      46 |       5 |   9.8
      Orc:1 |    5444 |       0 |   0.0 |      35 |       0 |   0.0
      Orc:2 |    2879 |       0 |   0.0 |      26 |       0 |   0.0
      IceCv |       0 |    3304 | 100.0 |       0 |      11 | 100.0
            +---------+---------+-------+---------+---------+-------

Levels and vault maps discovered:
D:1:      dpeg_arrival_water_altar, layout_basic
D:2:      layout_basic, grunt_gozag_breadcrumbs
D:3:      layout_basic, kennysheep_slug_shrine, uniq_ijyb
D:4:      layout_loops_corners, nicolae_overflow_crystal_walls,
          lemuel_crystal_altar, uniq_menkaure
D:5:      layout_layer_cave, zin_statuary, kennysheep_little_box, first_ration,
          grunt_decor_mini_mirrors, tso_altar
D:6:      layout_basic, tgw_trog, vehumet_altar_wand_db,
          amethyst_overflow_temple_binary, minmay_temple_entry_large_hall,
          serial_shops, kennysheep_mini, hangedman_feature_mirror,
          minmay_shop_enchanted_jewellery, uniq_eustachio, uniq_blork_the_orc
D:7:      layout_rooms, marbit_many_paths, serial_shops, shop, fedhas_altar_3,
          uniq_harold, uniq_joseph
D:8:      layout_loops_ring, minmay_lair_entry_grove
D:9:      layout_irregular_city, serial_rivers, chequers_serial_rivers_small_3,
          chequers_serial_rivers_marsh, chequers_serial_rivers_room_b,
          chequers_serial_rivers_micro_b, uniq_grum
D:10:     layout_long_grid
D:11:     minmay_the_grid_octo_tiled_octocenter
          [minmay_the_grid_octo_tetromino_candy, minmay_the_grid_octo_focus,
          minmay_the_grid_octo_clover_2, minmay_the_grid_octo_checkerflower,
          minmay_the_grid_octo_prize_star, minmay_the_grid_square_5x5_tri_point,
          minmay_the_grid_square_5x5_z, minmay_the_grid_square_5x5_bracketed,
          minmay_the_grid_square_5x5_six_small], layout_stronghold, david_orc_3,
          portal_ice_cave_demonic_guard
Lair:1:   layout_regular_city, minmay_stone_trees_small,
          grunt_forest_stairs_basic, eino_small_chamber_without_monster,
          uniq_sonja
Lair:2:   layout_cave_pods, dummy_snake_entry, grunt_megastairs_4,
          lemuel_fruit_tree
Lair:3:   layout_chaotic_city
Lair:4:   layout_cave_pods, minmay_swamp_entry_worms, disabler_island,
          uniq_kirke, uniq_snorg, uniq_nergalle
Lair:5:   layout_cave_pods, minmay_lair_oklob_items,
          chequers_serial_rivers_micro_e, chequers_serial_rivers_micro_b
Lair:6:   due_jungle_book, layout_small_grid, dpeg_slime_entry_corner,
          lightli_volcano_entry_magma_tube
Orc:1:    layout_diamond_mine, ebering_ghost_xom
Orc:2:    kennysheep_orc_mage_school, layout_diamond_mine, serial_shops,
          nicolae_shop_window_shopping, uniq_urug

Table legend:
 A = Turns spent in this place as a percentage of turns spent in the entire game.
 B = Non-inter-level travel turns spent in this place as a percentage of non-inter-level travel turns spent in the entire game.
 C = Inter-level travel turns spent in this place as a percentage of turns spent in this place.
 D = Turns resting spent in this place as a percentage of non-inter-level travel turns spent in this place.
 E = Turns spent auto-exploring this place as a percentage of non-inter-level travel turns spent in this place.
 F = Non-inter-level travel turns spent in this place divided by the number of levels of this place that you've seen.
                   A       B       C       D       E      F
               +-------+-------+-------+-------+-------+----------------------
         Total | 100.0 | 100.0 |   7.9 |  10.4 |  56.7 | 945.0
       Dungeon |  55.8 |  55.6 |   8.2 |  10.4 |  58.6 | 955.5
          Lair |  38.7 |  38.5 |   8.3 |   9.4 |  59.2 | 1213.0
  Orcish Mines |   3.6 |   3.9 |   1.0 |  21.8 |  35.2 | 364.0
      Ice Cave |   1.9 |   2.0 |   0.0 |   9.4 |   0.0 | 385.0
               +-------+-------+-------+-------+-------+----------------------

Table legend:
 A = Kills in this place as a percentage of kills in entire the game.
 B = Kills by you in this place as a percentage of kills by you in the entire game.
 C = Kills by friends in this place as a percentage of kills by friends in the entire game.
 D = Other kills in this place as a percentage of other kills in the entire game.
 E = Experience gained in this place as a percentage of experience gained in the entire game.
 F = Experience gained in this place divided by the number of levels of this place that you have seen.
                   A       B       C       D       E      F
               +-------+-------+-------+-------+-------+----------------------
         Total | 100.0 | 100.0 | 100.0 |   N/A | 100.0 | 4655.5
       Dungeon |  60.9 |  61.8 |   0.0 |   N/A |  36.3 | 3075.3
          Lair |  26.3 |  25.6 |  75.0 |   N/A |  51.2 | 7942.5
  Orcish Mines |  10.8 |  10.6 |  25.0 |   N/A |   8.9 | 4161.5
      Ice Cave |   2.0 |   2.0 |   0.0 |   N/A |   3.5 | 3304.0
               +-------+-------+-------+-------+-------+----------------------
